 Dungeon Crawl Stone Soup version 0.19.0-2-gae57169 (webtiles) character file.

284 Leibowitz the Cutter (level 6, -10/36 HPs)
             Began as a Kobold Gladiator on Nov 5, 2016.
             Was an Initiate of Okawaru.
             Mangled by Duvessa
             ... wielding a +0 rapier
              (17 damage)
             ... on level 4 of the Dungeon.
             The game lasted 00:09:17 (2702 turns).

Leibowitz the Cutter (Kobold Gladiator)             Turns: 2702, Time: 00:09:17

Health: -10/36     AC:  7    Str: 13    XL:     6   Next: 55%
Magic:  6/6        EV: 17    Int:  9    God:    Okawaru [......]
Gold:   129        SH:  0    Dex: 17    Spells: 0 memorised, 5 levels left

rFire  . . .     SeeInvis .     a - +0 rapier
rCold  . . .     Gourm    .     x - +0 leather armour
rNeg   . . .     Faith    .     (shield restricted)
rPois  .         Spirit   .     c - +0 helmet
rElec  .         Reflect  .     s - +0 cloak
rCorr  +         Harm     .     A - +1 pair of gloves
MR     .....                    (no boots)
Stlth  ++++......               (no amulet)
                                n - ring of stealth
                                m - ring of resist corrosion

@: no status effects
A: carnivore 3
a: Renounce Religion


You were on level 4 of the Dungeon.
You worshipped Okawaru.
Okawaru was noncommittal.
You were completely stuffed.

You visited 2 branches of the dungeon, and saw 5 of its levels.

You collected 129 gold pieces.

Inventory:

Hand Weapons
 a - a +0 rapier (weapon)
 b - a +0 blowgun
 p - a +3 dagger
Missiles
 d - 2 throwing nets (quivered)
 y - 6 poisoned needles
Armour
 c - a +0 helmet (worn)
 s - a +0 cloak (worn)
 x - a +0 leather armour (worn)
 A - a +1 pair of gloves (worn)
Jewellery
 m - a ring of resist corrosion (left hand)
 n - a ring of stealth (right hand)
Wands
 u - a wand of paralysis (10/24)
 w - a wand of lightning (5/15)
 C - a wand of flame (31/48)
Scrolls
 e - 4 scrolls of identify {unknown}
 h - 2 scrolls of amnesia {unknown}
 i - a scroll of enchant armour {unknown}
 j - a scroll of blinking {unknown}
 o - a scroll of recharging {unknown}
 t - 3 scrolls of fog {unknown}
 v - 2 scrolls of fear {unknown}
 z - 2 scrolls of teleportation {unknown}
 E - a scroll of enchant weapon {unknown}
Potions
 g - 3 potions of heal wounds {unknown}
 k - a potion of curing {unknown}
 l - a potion of invisibility {unknown}
 r - a potion of ambrosia {unknown}
 B - 2 potions of cancellation {unknown}
 D - a potion of brilliance {unknown}
Books
 q - a book of Minor Magic

   Spells                             Type                      Level
   a - Magic Dart                     Conjuration                  1
   b - Blink                          Translocation                2
   c - Call Imp                       Summoning                    2
   d - Repel Missiles                 Charms/Air                   2
   e - Slow                           Hexes                        2
   f - Conjure Flame                  Conjuration/Fire             3
   g - Mephitic Cloud                 Conjuration/Poison/Air       3
Comestibles
 f - 3 meat rations
 F - a chunk of flesh


   Skills:
 + Level 2.9 Fighting
 + Level 6.5 Short Blades
 + Level 2.2 Throwing
 + Level 0.7 Armour
 + Level 4.6 Dodging
 * Level 4.4 Stealth


You had 5 spell levels left.
You didn't know any spells.

Dungeon Overview and Level Annotations

Branches:
Dungeon (4/15)             Temple (1/1) D:4

Altars:
Ashenzari
Cheibriados
Elyvilon
Fedhas
Gozag
Makhleb
Okawaru
Qazlal
Ru
Sif Muna
Trog
Uskayaw
Vehumet
Xom
Yredelemnul
Zin
The Shining One

Annotations:
D:4 Duvessa


Innate Abilities, Weirdness & Mutations

You are small and have problems with some larger weapons.
You are carnivorous and can eat meat at any time.


Message History

Aim: Duvessa, wielding a rapier (berserk, fast, unusually strong, poisoned)
You shoot a poisoned needle. The poisoned needle hits Duvessa.
Duvessa looks even sicker.
Duvessa hits you with a rapier! Duvessa hits you with a rapier.
Firing (i - inventory. (,) - cycle):
y - 7 poisoned needles (quivered)
Press: ? - help, Shift-Dir - straight line, f/p - Duvessa
Aim: Duvessa, wielding a rapier (lightly wounded, berserk, fast, unusually strong, poisoned)
You shoot a poisoned needle.
The poisoned needle completely misses Duvessa.
Duvessa hits you with a rapier.
Unknown command.
a - a +0 rapier (weapon)
Throwing (i - inventory):
d - 3 throwing nets (quivered)
Press: ? - help, Shift-Dir - straight line, f/p - Duvessa
Aim: Duvessa, wielding a rapier (lightly wounded, berserk, fast, unusually strong, poisoned)
You throw a throwing net. The throwing net barely misses Duvessa.
Duvessa hits you with a rapier!
* * * LOW HITPOINT WARNING * * *
Duvessa hits you with a rapier!
You die...

####### # ### ##
^.....# #. #(..[
#####.# #.. #.#># #.#
#..##.#.# #.# #.......#
#.# #[..e).# #.# #@#
#.# ##.## #.# ##...##
#.# #.....# #.# #.....#
###.# #.....##
###.#.### #.....$#
........######.#....#
......................+


You could see Duvessa (berserk).

Vanquished Creatures
  Dowan (D:4)
  2 orc priests (D:3)
  2 worker ants (D:4)
  5 adders
  An ooze (D:1)
  A worm (D:2)
  2 dart slugs
  2 leopard geckos
  5 orcs (D:3)
  5 bats
  14 giant cockroaches
  4 goblins
  2 hobgoblins (D:1)
  3 jackals (D:1)
  5 kobolds
  6 frilled lizards
  8 rats
68 creatures vanquished.

Notes
Turn   | Place    | Note
-------+----------+-------------------------------------------
     0 | D:1      | Leibowitz the Kobold Gladiator began the quest for the Orb.
     0 | D:1      | Reached XP level 1. HP: 12/12 MP: 1/1
   225 | D:1      | Reached XP level 2. HP: 17/17 MP: 2/2
   299 | D:1      | Reached XP level 3. HP: 16/22 MP: 3/3
   656 | D:2      | Reached skill level 1 in Stealth
   801 | D:2      | Reached skill level 5 in Short Blades
   804 | D:2      | Reached XP level 4. HP: 21/27 MP: 4/4
  1677 | D:3      | Reached XP level 5. HP: 31/31 MP: 5/5
  1939 | D:3      | Reached skill level 6 in Short Blades
  1963 | D:3      | Found a glowing silver altar of Zin.
  1964 | D:3      | Found a burning altar of Makhleb.
  1965 | D:3      | Found a shimmering altar of Xom.
  1965 | D:3      | Found a blossoming altar of Fedhas.
  1966 | D:3      | Found a hide-covered altar of Uskayaw.
  2444 | D:4      | Reached XP level 6. HP: 36/36 MP: 6/6
  2497 | D:4      | Found a staircase to the Ecumenical Temple.
  2507 | Temple   | Entered the Ecumenical Temple
  2551 | Temple   | Became a worshipper of Warmaster Okawaru
  2685 | D:4      | Noticed Dowan
  2692 | D:4      | Noticed Duvessa
  2695 | D:4      | Killed Dowan
  2702 | D:4      | Mangled by Duvessa

Skill      XL: |  1  2  3  4  5  6 |
---------------+-------------------+-----
Dodging        | 4 |  4.6
Stealth        | 1 2 3 4 |  4.4
Short Blades   | 5 6 |  6.5
Fighting       | |  2.9
Throwing       | |  2.2
Armour         | |  0.7

Action                   |  1- 3 |  4- 6 || total
-------------------------+-------+-------++-------
Melee: Rapier            |    78 |   106 ||   184
       Dagger            |       |    23 ||    23
 Fire: Blowgun           |       |     7 ||     7
Throw: Throwing net      |       |     1 ||     1
Evoke: Wand              |       |     1 ||     1
 Stab: Sleeping          |       |    11 ||    11
  Eat: Chunk             |     4 |    10 ||    14
Armor: Leather armour    |    17 |    19 ||    36
Dodge: Dodged            |    71 |    95 ||   166
